Map: 베를린그라드 - 래더

Players

Solar

  • Race: Zerg Zerg
  • League: Master

RagnaroK (SHIN) - Winner!

  • Race: Zerg Zerg
  • League: Master

Event: DreamHack SC2 Masters Last Chance 2022

VOD

Have the link to the VOD?

Description

Time

  • Played on: Dec. 15, 2021, 5:31 a.m.
  • Length: 4:55

All games in this series

Show
View Real Time Build Order
Export as new Build Order

Solar Zerg 

Build Orders: Hatch First 

Get SALT Encoding   

  12  0:01  Drone  
  13  0:12  Overlord  
  13  0:17  Drone  
  14  0:31  Drone x2  
  16  0:47  Hatchery  
  15  0:51  Drone  
  16  0:57  Extractor  
  15  1:07  Spawning Pool  
  15  1:10  Drone  
  15  1:14  Drone  
  15  1:17  Drone  
  17  1:21  Drone  
  18  1:31  Drone  
  19  1:44  Drone  
  20  1:54  Queen  
  20  1:59  Metabolic Boost, Queen  
  24  2:01  Zergling x2  
  24  2:06  Overlord  
  25  2:14  Zergling x4  
  27  2:16  Zergling x2  
  28  2:25  Zergling x2  
  28  2:26  Zergling x2  
  30  2:33  Overlord  
  32  2:37  Zergling x2  
  32  2:43  Zergling x2  
  34  2:47  Zergling x2  
  35  2:57  Drone  
  37  2:58  Drone  
  37  3:02  Drone x3  
  38  3:09  Drone  
  38  3:10  Drone x2  
  41  3:15  Overlord  
  41  3:16  Hatchery  
  41  3:17  Drone  
  41  3:19  Drone  
  42  3:22  Drone  
  42  3:30  Drone  
  42  3:31  Drone  
  44  3:36  Queen  
  44  3:38  Drone x3  
  49  3:42  Overlord  
  49  3:45  Drone  
  50  3:51  Drone x2  
  50  3:55  Extractor  
  51  3:56  Evolution Chamber  
  51  3:59  Drone, Extractor  
  51  4:00  Drone x2  
  52  4:04  Zergling x2  
  52  4:08  Zergling x8  
  57  4:13  Roach Warren  
  57  4:16  Zergling x2  
  57  4:18  Evolution Chamber  
  57  4:21  Overlord  
  56  4:25  Zergling x6  
  59  4:31  Evolution Chamber  
Show
View Real Time Build Order
Export as new Build Order

RagnaroK Zerg - Winner!

Build Orders: Hatch First, Zergling Baneling 

Get SALT Encoding   

  12  0:00  Drone  
  13  0:13  Overlord  
  13  0:16  Drone  
  14  0:31  Drone x2  
  16  0:46  Hatchery  
  15  0:50  Drone  
  15  0:54  Drone  
  17  1:07  Spawning Pool  
  17  1:10  Drone  
  17  1:14  Drone  
  17  1:17  Drone  
  19  1:22  Extractor  
  18  1:29  Drone  
  19  1:39  Drone  
  20  1:50  Drone  
  21  1:58  Queen x2  
  21  1:59  Drone  
  21  2:01  Zergling x2  
  27  2:11  Overlord  
  27  2:12  Drone  
  28  2:30  Drone x3  
  28  2:33  Drone  
  28  2:34  Queen  
  34  2:37  Metabolic Boost  
  34  2:41  Drone  
  35  2:47  Drone  
  35  2:48  Evolution Chamber  
  35  2:53  Drone  
  35  2:57  Overlord  
  36  3:03  Roach Warren  
  34  3:05  Evolution Chamber  
  33  3:15  Baneling Nest  
  33  3:16  Zergling x14  
  39  3:21  Zergling x2  
  39  3:26  Zergling x2  
  41  3:29  Zergling x2  
  42  3:36  Overlord  
  42  3:39  Overlord  
  42  3:43  Zergling x4  
  44  3:56  Zergling x6  
  44  4:01  Zergling x4  
  49  4:07  Zergling x4  
  49  4:08  Zergling x2  
  52  4:16  Baneling x3  
  52  4:17  Baneling x7  
  52  4:18  Zergling x10  
  57  4:24  Zergling x2  
  57  4:29  Zergling x2  
  59  4:34  Zergling x2  
  59  4:36  Overlord x2  

Tags
 
Add a new tag
Caveats
  • Supply blocks, unpowered buildings, or Contaminate may cause inaccurate times.
  • Supply counts are checked every 10 seconds.